 Dungeon Crawl Stone Soup version 0.29-a0-341-g24ffce5b50 (webtiles) character file.

Game seed: 7429586344891033129

85 KateM the Shield-Bearer (level 4, -4/40 HPs)
             Began as a Minotaur Fighter on Apr 20, 2022.
             Killed by nerve-wracking pain
             ... invoked by Grinder
              (12 damage)
             ... on level 3 of the Dungeon.
             The game lasted 00:02:30 (1957 turns).

KateM the Shield-Bearer (Minotaur Fighter)          Turns: 1957, Time: 00:02:31

Health: -4/40      AC:  7    Str: 23    XL:     4   Next: 25%
Magic:  3/3        EV:  9    Int:  5    God:
Gold:   3          SH:  4    Dex:  9    Spells: 3/3 levels left

rFire   . . .      SeeInvis .   a - +0 long sword
rCold   . . .      Faith    .   c - +0 buckler
rNeg    . . .      Spirit   .   b - +0 scale mail
rPois   .          Reflect  .   (helmet restricted)
rElec   .          Harm     .   (no cloak)
rCorr   .          Rampage  .   (no gloves)
Will    .....                   (no boots)
Stlth   ..........              (no amulet)
HPRegen 0.13/turn               (no ring)
MPRegen 0.08/turn               (no ring)

@: mighty
A: horns 2, retaliatory headbutt
a: no special abilities


You were on level 3 of the Dungeon.
You visited 1 branch of the dungeon, and saw 3 of its levels.

You collected 146 gold pieces.
You spent 143 gold pieces at shops.

Inventory:

Hand Weapons
 a - a +0 long sword (weapon)
Armour
 b - a +0 scale mail (worn)
 c - a +0 buckler (worn)
Jewellery
 j - a ring of flight
 m - a ring of protection from cold
Scrolls
 f - 5 scrolls of identify {unknown}
 g - 3 scrolls of acquirement {unknown}
 h - a scroll of brand weapon {unknown}
 k - a scroll of blinking {unknown}
 o - 2 scrolls of vulnerability {unknown}
 p - a scroll of noise {unknown}
 q - a scroll of magic mapping {unknown}
Potions
 d - 2 potions of might
 e - 2 potions of brilliance {unknown}
 i - 3 potions of heal wounds {unknown}
 l - a potion of lignification {unknown}
 n - a potion of haste {unknown}
 r - a potion of ambrosia {unknown}


   Skills:
 + Level 4.2 Fighting
 * Level 3.9 Long Blades
 + Level 4.2 Armour
 + Level 4.2 Shields


You had 3 spell levels left.
You didn't know any spells.
Your spell library contained the following spells:

 Spells                   Type           Power      Damage    Failure   Level
 Dispersal                Tloc           0%         N/A       100%        6
 Disjunction              Tloc           0%         N/A       100%        8


Dungeon Overview and Level Annotations

Branches:
Dungeon (3/15)

Altars:
Zin

Shops:
D:3 *

Annotations:
D:3 Grinder, Ijyb


Innate Abilities, Weirdness & Mutations

You have a pair of horns on your head.
You reflexively headbutt those who attack you in melee.


Message History

There is an entrance to Ethon's Assorted Antiques here.
You see here a +1 war axe of draining.
There is an open door here.
Key pressed, stopping explore.
No target in view!
Key pressed, stopping explore.
No target in view!
No target in view!
Grinder and Ijyb come into view.
Ijyb is wielding a +2 dagger of electrocution and carrying a wand of iceblast (8).
Ijyb shouts!
Grinder gestures at you.
You barely resist.
A kobold comes into view. It is wielding a +0 short sword.
Ijyb moves out of view.
A ball python comes into view.
The ball python hisses angrily.
You hear a shout!
An orc comes into view. It is wielding a +0 whip.
Grinder gestures at you. Pain shoots through your body! Grinder hits you!
You writhe in agony.
You feel very mighty all of a sudden.
An orc comes into view. It is wielding a +0 club.
Grinder blinks!
The orc shouts!
You hit Grinder.
Grinder is lightly wounded.
You hear an angry hiss.
You hear a shout!
Grinder hits you.
* * * LOW HITPOINT WARNING * * *
You writhe in agony.
* * * LOW HITPOINT WARNING * * *
You closely miss Grinder.
Grinder is lightly wounded.
Grinder barely misses you.
Ijyb screams, "Get away!"
Ijyb hits you but does no damage. Grinder gestures at you.
Pain shoots through your body!
You die...

##########..
#...........
#........o#
#.........#
#.......S.#
#.........#
#####......5o.#
#..........@..#
#.....####.#g##
#########..#
#.#.#
.)<).∩..'..#
#.#.#
###≈≈####..#
#....
)..........#
###.#.
##.........#
..#5#
########### .#.
. . . ..


You could see Grinder, Ijyb, 2 orcs and a ball python.

Vanquished Creatures
  Robin (D:3)
  2 adders (D:2)
  A worm (D:2)
  3 bats
  6 endoplasms
  A giant cockroach (D:1)
  17 goblins
  5 hobgoblins
  4 ball pythons
  3 frilled lizards
  A kobold (D:1)
  4 rats
48 creatures vanquished.

Notes
Turn   | Place    | Note
-------+----------+-------------------------------------------
     0 | D:1      | KateM the Minotaur Fighter began the quest for the Orb.
     0 | D:1      | Reached XP level 1. HP: 19/19 MP: 0/0
     1 | D:1      | Found a glowing silver altar of Zin.
   222 | D:1      | Found a faded altar of an unknown god.
   298 | D:1      | Reached XP level 2. HP: 26/27 MP: 1/1
  1095 | D:2      | Reached XP level 3. HP: 33/33 MP: 2/2
  1612 | D:3      | Noticed Robin
  1612 | D:3      | Found Ethon's Assorted Antiques.
  1631 | D:3      | Reached XP level 4. HP: 22/40 MP: 3/3
  1638 | D:3      | Killed Robin
  1916 | D:3      | Bought a glowing war axe for 143 gold pieces
  1945 | D:3      | Noticed Grinder
  1945 | D:3      | Noticed Ijyb
  1957 | D:3      | Killed from afar by Grinder

Illustrated notes

Levels and vault maps discovered:
D:1:      sevenhm_arrival_forest_fort_small_6, layout_basic,
          shapermc_ecumenical_altar_venn, minmay_heptomino_d4
D:2:      layout_basic, minmay_pentomino_pile
D:3:      layout_basic, serial_shops, nicolae_shop_waterfront,
          nicolae_diamond_shop, nicolae_shop_hallway_stairs, uniq_grinder,
          uniq_robin, uniq_ijyb

Skill      XL: |  1  2  3 |
---------------+----------+-----
Long Blades    | 3 |  3.9
Armour         | 4 |  4.2
Shields        | 4 |  4.2
Fighting       | 4 |  4.2

Action                   |  1- 3 |  4- 6 || total
-------------------------+-------+-------++-------
Melee: Long sword        |    88 |    17 ||   105
       Headbutt          |    14 |     1 ||    15
  Use: Potion            |       |     1 ||     1
Armor: Scale mail        |    41 |     9 ||    50
Dodge: Dodged            |    47 |     6 ||    53
Block: Buckler           |    20 |     2 ||    22

Table legend: (Time is in decaauts)
 A = Elapsed time spent in this place.
 B = Non-inter-level travel time spent in this place.
 C = Inter-level travel time spent in this place.
 D = Time resting spent in this place.
 E = Time spent auto-exploring this place.
 F = Levels seen in this place.
 G = Mean time per level.
                   A        B        C        D        E       F      G
               +--------+--------+--------+--------+--------+-----+--------+
         Total |   1986 |   1986 |      0 |    245 |   1355 |   3 |  662.0 |
       Dungeon |   1986 |   1986 |      0 |    245 |   1355 |   3 |  662.0 |
               +--------+--------+--------+--------+--------+-----+--------+

Top non-repeatable levels by time:
     D:1: 870 daAuts
     D:2: 764 daAuts
     D:3: 351 daAuts
